 Dungeon Crawl Stone Soup version 0.29.1-15-g9cfb28693d (webtiles) character file.

Game seed: 4217004134612434721

208 BiteMe the Magician (level 5, -1/36 HPs)
             Began as a Demonspawn Fire Elementalist on Apr 8, 2023.
             Killed from afar by Natasha (6 damage)
             ... with a magic dart
             ... on level 3 of the Dungeon.
             The game lasted 00:36:59 (4101 turns).

BiteMe the Magician (Demonspawn Fire Elementalist)  Turns: 4101, Time: 00:37:00

Health: -1/36      AC:  2    Str:  9    XL:     5   Next: 55%
Magic:  2/10       EV: 12    Int: 18    God:
Gold:   188        SH:  0    Dex: 13    Spells: 8/11 levels left

rFire   . . .      SeeInvis .   u - +2 hand axe (vorpal)
rCold   . . .      Faith    .   (no shield)
rNeg    . . .      Spirit   .   a - +0 robe
rPois   .          Reflect  .   (no helmet)
rElec   .          Harm     .   (no cloak)
rCorr   .          Rampage  .   (no gloves)
Will    .....                   (no boots)
Stlth   ++........              (no amulet)
HPRegen 0.12/turn               c - ring of wizardry
MPRegen 0.12/turn               (no ring)

@: hasted (expiring), very quick
A: demonic touch 2
a: no special abilities


You were on level 3 of the Dungeon.
You visited 1 branch of the dungeon, and saw 3 of its levels.

You collected 188 gold pieces.

Inventory:

Hand Weapons
 d - a +0 mace
 e - a +0 dagger
 j - a +0 spear
 l - a +0 short sword
 m - a +0 short sword
 q - a +0 mace
 r - a +0 short sword
 s - a +0 scimitar
 u - a +2 vorpal hand axe (weapon)
Missiles
 n - 3 poisoned darts
Armour
 a - a +0 robe (worn)
Jewellery
 c - a ring of wizardry (left hand)
Scrolls
 f - 2 scrolls of teleportation
 i - a scroll of poison {unknown}
 o - a scroll of enchant armour {unknown}
 p - a scroll of enchant weapon {unknown}
 t - a scroll of vulnerability {unknown}
 v - a scroll of immolation
Potions
 b - 2 potions of magic
 g - a potion of degeneration {unknown}
 h - a potion of invisibility {unknown}
 k - a potion of mutation {unknown}


   Skills:
 + Level 0.3 Fighting
 + Level 2.0 Dodging
 - Level 1.8 Stealth
 * Level 3.9 Spellcasting
 + Level 2.2 Conjurations
 + Level 3.9 Fire Magic


You had 8 spell levels left.
You knew the following spells:

 Your Spells              Type           Power      Damage    Failure   Level
a - Foxfire               Conj/Fire      56%        2x1d6     1%          1
b - Scorch                Fire           34%        2d7       1%          2

Your spell library contained the following spells:

 Spells                   Type           Power      Damage    Failure   Level
 Conjure Flame            Conj/Fire      14%        6-21      5%          3
 Beastly Appendage        Tmut           6%         N/A       6%          1
 Freeze                   Ice            12%        1d4       6%          1
 Wereblood                Tmut           3%         N/A       9%          2
 Inner Flame              Hex/Fire       10%        N/A       9%          3
 Flame Wave               Conj/Fire      14%        2d6       16%         4
 Frozen Ramparts          Ice            6%         1d1       17%         3
 Spider Form              Tmut/Pois      3%         N/A       17%         3
 Hailstorm                Conj/Ice       7%         3d4       34%         4


Dungeon Overview and Level Annotations

Branches:
Dungeon (3/15)

Altars:

Annotations:
D:3 Natasha


Innate Abilities, Weirdness & Mutations

Your touch may inflict irresistible damage on your foes.


Message History

The foxfire hits the ice beast.
The ice beast melts!
The ice beast is severely wounded.
Your foxfire dissipates!
The foxfire hits the ice beast but does no damage.
The ice beast is severely wounded.
Casting: Foxfire (safe; 1% risk of failure)
Press: ? - help, Q - select action, (/) - cycle Dir - look around, f - activate You conjure some foxfire!
Casting: Foxfire (safe; 1% risk of failure)
Press: ? - help, Q - select action, (/) - cycle Dir - look around, f - activate You conjure some foxfire!
The foxfire hits the ice beast!
The ice beast melts!
The ice beast is almost dead.
The foxfire hits the ice beast but does no damage.
The ice beast is almost dead.
Natasha, Servant of Life and Death comes into view.
Casting: Foxfire (safe; 1% risk of failure)
Press: ? - help, Q - select action, (/) - cycle Dir - look around, f - activate You conjure some foxfire!
The foxfire hits the bat.
The bat is moderately wounded.
The bat hits you but does no damage.
The foxfire hits the ice beast!
The ice beast melts!
You kill the ice beast!
Your Conjurations skill increases to level 2!
You have reached level 5!
The bat attacks as you move away! The bat barely misses you.
The foxfire hits the bat.
You kill the bat!
You start resting.
Your foxfire dissipates!
Natasha is nearby!
Found a leather armour.
Natasha is nearby!
Your extra speed is starting to run out.
Natasha howls an incantation.
Natasha glows brightly for a moment.
Natasha casts a spell at you. The magic dart hits you.
You die...

...###.###.##.....#.....
.#...#...#........)......
.#.#...#.h.#..###########
#[........#....#..........
#........###..#..#...#...
#.......# #..#_.........
#.......# #..#..#...#...
#.......###h.#..........
#......@#†..†###########
#......<..###...h.#
####.##..## #####.# #.
#..# #.# #.....# #r#
#..##.. ##.# ..# #.# #..#
.. .# #.## ##.#


You could see Natasha.

Vanquished Creatures
  An ice beast (D:3)
  Natasha (D:3)
  4 adders
  A dart slug (D:3)
  3 orcs (D:3)
  4 ball pythons
  6 bats
  4 endoplasms
  4 goblins
  7 hobgoblins
  4 kobolds
  2 quokkas
  3 frilled lizards
  5 rats
49 creatures vanquished.

Vanquished Creatures (others)
  140 foxfires
140 creatures vanquished.

Grand Total: 189 creatures vanquished

Notes
Turn   | Place    | Note
-------+----------+-------------------------------------------
     0 | D:1      | BiteMe the Demonspawn Fire Elementalist began the quest for
                  | the Orb.
     0 | D:1      | Reached XP level 1. HP: 13/13 MP: 3/3
   232 | D:1      | Gained mutation: Your touch may inflict minor irresistible
                  | damage on your foes. [demonic ancestry]
   232 | D:1      | Reached XP level 2. HP: 19/19 MP: 0/5
   779 | D:1      | Found a faded altar of an unknown god.
  2043 | D:1      | Learned a level 2 spell: Scorch
  2254 | D:2      | Reached XP level 3. HP: 24/24 MP: 4/6
  2941 | D:3      | Noticed Natasha
  2953 | D:3      | Killed Natasha
  2954 | D:3      | Gained mutation: Your touch may inflict irresistible damage
                  | on your foes. [demonic ancestry]
  2954 | D:3      | Reached XP level 4. HP: 9/30 MP: 1/8
  3601 | D:3      | Noticed an ice beast
  4049 | D:3      | HP: 1/30 [ice beast (12)]
  4085 | D:3      | Noticed Natasha
  4087 | D:3      | Killed an ice beast
  4088 | D:3      | Reached XP level 5. HP: 4/36 MP: 0/10
  4101 | D:3      | Killed from afar by Natasha

Illustrated notes

Levels and vault maps discovered:
D:1:      dpeg_arrival_tiny_j, layout_basic, ebering_ecumenical_altar_mist,
          item_on_display_a
D:2:      layout_basic
D:3:      layout_rooms, lemuel_coloured_pillars_altar,
          minmay_misc_feat_four_crosses, grunt_decor_resistance,
          minmay_box_of_dots, uniq_natasha

Skill      XL: |  1  2  3  4 |
---------------+-------------+-----
Fire Magic     | 3 |  3.9
Spellcasting   | 3 |  3.9
Dodging        | 2 |  2.0
Conjurations   | 2 |  2.2
Fighting       | |  0.3
Stealth        | |  1.8

Action                   |  1- 3 |  4- 6 || total
-------------------------+-------+-------++-------
Melee: Spear             |     3 |       ||     3
       Touch             |     1 |       ||     1
       Hand axe          |       |     2 ||     2
 Cast: Foxfire           |    53 |    30 ||    83
  Use: Scroll            |     1 |     5 ||     6
       Potion            |       |     2 ||     2
Armor: Robe              |     5 |     2 ||     7
Dodge: Dodged            |    11 |    18 ||    29
